 Dungeon Crawl Stone Soup version 0.28-a0-863-g8cecda6153 (webtiles) character file.

Game seed: 13938164098405298866

138 Crownlay the Digger (level 5, -2/28 HPs)
             Began as a Gargoyle Earth Elementalist on Nov 16, 2021.
             Killed by divine providence
             ... invoked by an orc priest
              (11 damage)
             ... on level 4 of the Dungeon.
             The game lasted 00:08:45 (3392 turns).

Crownlay the Digger (Gargoyle Earth Elementalist)   Turns: 3392, Time: 00:08:46

Health: -2/28      AC:  6    Str: 12    XL:     5   Next: 21%
Magic:  3/11       EV: 11    Int: 16    God:
Gold:   178        SH:  0    Dex: 10    Spells: 8/12 levels left

rFire   . . .      SeeInvis .   d - +0 short sword
rCold   . . .      Faith    .   (no shield)
rNeg    + . .      Spirit   .   b - +0 robe
rPois   ∞          Reflect  .   (no helmet)
rElec   +          Harm     .   (no cloak)
rCorr   .          Rampage  .   (no gloves)
Will    .....                   (no boots)
Stlth   ++........              g - amulet of the acrobat
HPRegen 0.09/turn               (no ring)
MPRegen 0.12/turn               (no ring)

@: no status effects
A: sickness immunity, AC +4, negative energy resistance 1, electricity
resistance, torment resistance 1, petrification resistance
a: no special abilities


You were on level 4 of the Dungeon.
You visited 1 branch of the dungeon, and saw 4 of its levels.

You collected 189 gold pieces.
You spent 11 gold pieces at shops.

Inventory:

Hand Weapons
 d - a +0 short sword (weapon)
Missiles
 c - 99 stones
Armour
 b - a +0 robe (worn)
Jewellery
 g - an amulet of the acrobat (around neck)
Wands
 q - a wand of iceblast (11)
Scrolls
 a - 2 scrolls of noise
 f - 2 scrolls of fog
 i - a scroll of magic mapping {unknown}
 j - a scroll of vulnerability {unknown}
 o - a scroll of teleportation
Potions
 e - a potion of haste {unknown}
 h - a potion of brilliance {unknown}
 k - 2 potions of mutation {unknown}
 l - a potion of degeneration {unknown}
 n - a potion of curing {unknown}
 p - a potion of flight {unknown}


   Skills:
 - Level 1.5 Dodging
 - Level 2.1 Stealth
 * Level 4.1 Spellcasting
 - Level 0.7 Transmutations
 + Level 4.9 Earth Magic


You had 8 spell levels left.
You knew the following spells:

 Your Spells              Type           Power      Damage    Failure   Level
a - Sandblast             Erth           38%        2d10      2%          1
b - Stone Arrow           Conj/Erth      22%        3d8       19%         3

Your spell library contained the following spells:

 Spells                   Type           Power      Damage    Failure   Level
 Passwall                 Tmut/Erth      10%        N/A       8%          2
 Animate Skeleton         Necr           6%         N/A       17%         1
 Apportation              Tloc           6%         N/A       17%         1
 Magic Dart               Conj           12%        1d3       17%         1
 Summon Small Mammal      Summ           12%        N/A       17%         1
 Call Imp                 Summ           3%         N/A       26%         2
 Ignite Poison            Fire/Tmut/Pois 4%         N/A       41%         3
 Conjure Flame            Conj/Fire      3%         6-21      45%         3
 Mephitic Cloud           Conj/Pois/Air  3%         N/A       45%         3
 Petrify                  Tmut/Erth      12%        N/A       45%         4
 Sticky Flame             Conj/Fire      3%         2d3       86%         4


Dungeon Overview and Level Annotations

Branches:
Dungeon (4/15)
 Temple: D:4-7

Altars:
Cheibriados

Shops:
D:1 *


Innate Abilities, Weirdness & Mutations

You are immune to sickness and miasma.
Your stone body is resilient. (AC +4)
You are immune to poison.
You resist negative energy. (rN+)
You are resistant to electric shocks. (rElec)
You are resistant to unholy torment.
You are immune to petrification.


Message History

The orc is severely wounded.
The orc misses you.
The orc priest calls upon Beogh to heal the orc.
The orc's wounds heal themselves!
The blast of sand hits the orc.
The orc is severely wounded.
The orc barely misses you.
The orc priest calls upon Beogh to heal the orc.
The orc's wounds heal themselves!
The blast of sand misses the orc.
The orc completely misses you. The orc barely misses you.
The blast of sand hits the orc but does no damage.
The orc hits you with a +0 club. The orc barely misses you.
The blast of sand hits the orc but does no damage.
The orc hits you with a +0 club.
The orc priest invokes the aid of Beogh against you.
Beogh smites you! The orc hits you with a +0 mace.
You are too injured to fight recklessly!
You are too injured to fight recklessly!
The orc priest casts a cantrip, but nothing happens.
The orc misses you.
You are too injured to fight recklessly!
Casting: Sandblast (safe; 2% risk of failure)
Confirm with . or Enter, or press ? or * to list all spells.
Aiming: Sandblast (safe; 2% risk of failure)
Press: ? - help, Shift-Dir - straight line, f/p - orc
Aim: an orc, wielding a +0 short sword and wearing a +0 ring mail (82% to hit)
The blast of sand hits the orc.
The orc is heavily wounded.
The orc priest calls upon Beogh to heal the orc.
The orc's wounds heal themselves!
The orc hits you but does no damage.
Casting: Sandblast (safe; 2% risk of failure)
Confirm with . or Enter, or press ? or * to list all spells.
Aiming: Sandblast (safe; 2% risk of failure)
Press: ? - help, Shift-Dir - straight line, f/p - orc
Aim: an orc, wielding a +0 short sword and wearing a +0 ring mail (82% to hit)
The blast of sand hits the orc but does no damage.
The orc priest invokes the aid of Beogh against you.
Beogh smites you!
You die...

#..## ....# # ....
.# ##... ..#
###...#....
#$o.)......
####.......###
.###..#.ooo.....##.
......(.@#.........
.....##.##.........
.........#.........
.###...............
#....†..<.......
####.....#......
#.............
##............
#.....#......


You could see an orc priest and 3 orcs.

Vanquished Creatures
  4 adders
  3 gnolls (D:2)
  3 worms (D:2)
  2 orcs
  4 bats
  8 endoplasms
  A giant cockroach (D:1)
  6 goblins
  2 hobgoblins
  8 jackals
  6 kobolds
  7 ball pythons
  3 frilled lizards
  6 rats
63 creatures vanquished.

Notes
Turn   | Place    | Note
-------+----------+-------------------------------------------
     0 | D:1      | Crownlay the Gargoyle Earth Elementalist began the quest
                  | for the Orb.
     0 | D:1      | Reached XP level 1. HP: 10/10 MP: 3/3
   189 | D:1      | Reached XP level 2. HP: 15/15 MP: 1/5
   793 | D:1      | Reached XP level 3. HP: 18/19 MP: 1/7
  1030 | D:1      | Found Juazut's General Store.
  1038 | D:1      | Bought a scroll of noise for 11 gold pieces
  1657 | D:2      | Learned a level 3 spell: Stone Arrow
  2084 | D:2      | Reached XP level 4. HP: 16/24 MP: 7/9
  2505 | D:2      | Found a faded altar of an unknown god.
  2831 | D:3      | Reached XP level 5. HP: 23/28 MP: 8/11
  3040 | D:3      | Found a snail-covered altar of Cheibriados.
  3392 | D:4      | Killed from afar by an orc priest

Illustrated notes

Levels and vault maps discovered:
D:1:      minmay_arrival_solitary_statue, layout_basic, serial_shops, shop
D:2:      layout_basic, shapermc_ecumenical_altar_ellora, minmay_misc_feat_x,
          minmay_misc_feat_room
D:3:      layout_rooms, amcnicky_altar_gilded
D:4:      gammafunk_cloud_chamber, layout_cave_pools,
          mainiacjoe_overflow_alcove_4, nicolae_qazlal_style_of_elements,
          dancing_weapons_uskayaw, gammafunk_ghost_necromancy,
          portal_sewer_entry_e, nicolae_shop_clearance

Skill      XL: |  1  2  3  4 |
---------------+-------------+-----
Earth Magic    | 4 |  4.9
Spellcasting   | 3 4 |  4.1
Dodging        | |  1.5
Stealth        | |  2.1
Transmutations | |  0.7

Action                   |  1- 3 |  4- 6 || total
-------------------------+-------+-------++-------
Melee: Unarmed           |    21 |       ||    21
       Short sword       |    84 |    54 ||   138
 Cast: Sandblast         |    33 |    23 ||    56
  Use: Scroll            |       |     2 ||     2
 Stab: Sleeping          |     4 |       ||     4
Armor: Robe              |    44 |    26 ||    70
Dodge: Dodged            |    87 |    43 ||   130

Table legend: (Time is in decaauts)
 A = Elapsed time spent in this place.
 B = Non-inter-level travel time spent in this place.
 C = Inter-level travel time spent in this place.
 D = Time resting spent in this place.
 E = Time spent auto-exploring this place.
 F = Levels seen in this place.
 G = Mean time per level.
                   A        B        C        D        E       F      G
               +--------+--------+--------+--------+--------+-----+--------+
         Total |   3404 |   3350 |     54 |      0 |   2886 |   4 |  851.0 |
       Dungeon |   3404 |   3350 |     54 |      0 |   2886 |   4 |  851.0 |
               +--------+--------+--------+--------+--------+-----+--------+

Top non-repeatable levels by time:
     D:1: 1389 daAuts
     D:2: 1343 daAuts
     D:3: 612 daAuts
     D:4: 58 daAuts
